Map: Ice and Chrome LE

Players

Denver

  • Race: Zerg Zerg
  • League: Grandmaster
  • Spawn Location: 1:00

HeroMarine - Winner!

  • Race: Terran Terran
  • Spawn Location: 7:00

Event: DreamHack SC2 Masters 2020 Fall

VOD

Have the link to the VOD?

Description

Time

  • Played on: Aug. 28, 2020, 2:36 p.m.
  • Length: 18:19

All games in this series

Show
View Real Time Build Order
Export as new Build Order

Denver Zerg 

Build Orders: Hatch First 

Get SALT Encoding   

  12  0:00  Drone  
  13  0:12  Overlord  
  13  0:16  Drone  
  14  0:31  Drone x2  
  16  0:48  Hatchery  
  15  0:51  Drone  
  15  0:55  Drone  
  17  0:59  Drone  
  18  1:09  Extractor  
  17  1:15  Spawning Pool  
  17  1:18  Drone  
  17  1:22  Drone  
  18  1:28  Drone  
  19  1:39  Drone  
  20  1:49  Overlord  
  20  2:02  Queen x2, Zergling x4  
  26  2:09  Metabolic Boost  
  26  2:12  Drone  
  26  2:14  Drone  
  28  2:22  Drone x2  
  29  2:37  Hatchery  
  29  2:41  Drone  
  29  2:42  Drone  
  30  2:48  Drone x2  
  32  2:54  Overlord  
  32  2:57  Drone  
  33  3:03  Queen  
  35  3:07  Drone  
  36  3:13  Pneumatized Carapace  
  36  3:15  Drone x2  
  36  3:18  Drone  
  36  3:19  Drone  
  40  3:20  Drone  
  40  3:25  Overlord  
  41  3:31  Drone  
  42  3:38  Drone x2  
  44  3:41  Overlord  
  44  3:42  Queen  
  44  3:45  Baneling Nest  
  44  3:46  Drone  
  44  3:47  Drone  
  47  3:51  Drone x2  
  47  3:53  Drone  
  50  3:57  Queen  
  52  4:05  Overlord  
  52  4:06  Drone x2  
  54  4:10  Roach Warren  
  54  4:13  Overlord  
  54  4:17  Drone x5  
  57  4:23  Lair  
  59  4:28  Zergling x8  
  59  4:29  Zergling x2  
  64  4:34  Queen  
  66  4:42  Queen  
  66  4:44  Overlord, Spore Crawler  
  66  4:46  Drone x3  
  66  4:48  Drone  
  70  4:57  Roach  
  70  4:58  Roach x2  
  70  4:59  Roach x3  
  80  5:00  Spore Crawler  
  80  5:01  Drone  
  80  5:05  Overlord  
  80  5:07  Spore Crawler  
  79  5:09  Spore Crawler  
  79  5:11  Overlord  
  79  5:14  Drone x3  
  79  5:24  Drone x7  
  79  5:27  Extractor  
  82  5:35  Extractor x2  
  81  5:36  Drone  
  81  5:37  Drone x4  
  81  5:42  Drone x3  
  85  5:51  Drone  
  85  5:52  Drone x3  
  85  5:54  Drone x4  
  93  5:59  Overlord  
  93  6:08  Drone x4  
  97  6:13  Overlord x2  
  97  6:17  Extractor x2, Hatchery  
  90  6:21  Overlord  
  90  6:25  Glial Reconstitution  
  88  6:26  Drone x2  
  88  6:27  Drone x5  
  88  6:31  Evolution Chamber  
  88  6:35  Evolution Chamber  
  88  6:38  Spore Crawler  
  88  6:39  Roach x2  
  90  6:46  Spore Crawler  
  85  6:48  Spore Crawler x2  
  85  6:49  Spire  
  85  6:50  Drone  
  85  6:51  Drone  
  85  6:53  Drone  
  85  6:54  Drone x5  
  89  6:59  Zerg Ground Armor Level 1  
  89  7:00  Zerg Melee Weapons Level 1  
  90  7:02  Drone  
  90  7:05  Spore Crawler  
  90  7:07  Drone x2  
  90  7:08  Drone  
  93  7:09  Drone  
  93  7:10  Spore Crawler  
  93  7:12  Roach  
  93  7:13  Roach  
  97  7:16  Overlord  
  97  7:19  Overlord  
  97  7:21  Overseer  
  97  7:25  Roach x3  
  97  7:26  Overlord  
  103  7:32  Overlord  
  103  7:35  Extractor  
  103  7:36  Extractor  
  101  7:37  Drone x7  
  101  7:38  Drone x2  
  110  7:44  Roach  
  110  7:45  Roach x2  
  116  7:52  Overlord  
  116  7:54  Drone x3  
  116  7:55  Hatchery  
  114  8:00  Overlord  
  114  8:05  Corruptor x3  
  112  8:10  Corruptor  
  118  8:18  Corruptor x3  
  123  8:21  Zerg Flyer Weapons Level 1  
  123  8:23  Drone x3  
  125  8:32  Roach x2, Zergling x6  
  128  8:35  Drone x3, Queen  
  128  8:38  Queen  
  133  8:46  Overlord  
  133  8:53  Burrow  
  133  8:56  Queen, Infestation Pit  
  133  8:57  Zerg Melee Weapons Level 2  
  133  8:58  Zerg Missile Weapons Level 1  
  133  9:00  Drone x4  
  133  9:01  Drone, Extractor  
  138  9:03  Ravager  
  138  9:04  Ravager x4  
  143  9:11  Queen  
  143  9:12  Zergling x16  
  143  9:15  Baneling Nest, Overseer  
  152  9:21  Ravager x3  
  152  9:22  Ravager  
  158  9:24  Spore Crawler  
  158  9:31  Roach x4  
  165  9:32  Overlord x3  
  165  9:34  Overlord  
  165  9:37  Hive, Overlord  
  165  9:38  Overlord  
  163  9:41  Overlord  
  163  9:46  Spore Crawler  
  163  9:49  Overlord x2  
  162  9:55  Drone x9, Spine Crawler  
  162  9:57  Overlord  
  170  10:00  Spine Crawler  
  170  10:06  Overseer  
  169  10:07  Overseer  
  169  10:10  Centrifical Hooks  
  169  10:12  Zergling x24  
  180  10:15  Corruptor  
  178  10:25  Corruptor x4  
  182  10:36  Corruptor x2  
  182  10:37  Corruptor  
  184  10:47  Drone x8, Extractor  
  191  10:50  Overlord  
  191  10:56  Queen  
  191  10:57  Queen  
  185  10:59  Spore Crawler  
  185  11:01  Corruptor x3  
  192  11:09  Infestor, Extractor, Adrenal Glands  
  192  11:10  Infestor x2  
  197  11:12  Hatchery  
  197  11:17  Zerg Missile Weapons Level 2  
  196  11:18  Zerg Melee Weapons Level 3  
  197  11:25  Zergling x2  
  197  11:26  Zergling x6  
  197  11:28  Baneling x9  
  197  11:30  Extractor  
  191  12:06  Ultralisk Cavern  
  190  12:10  Baneling x21  
  190  12:14  Zergling x18  
  192  12:24  Zergling x14  
  188  12:42  Zerg Flyer Weapons Level 2  
  183  12:55  Zergling x30  
  183  12:56  Roach x2  
  178  13:07  Infestor x3  
  180  13:14  Roach  
  180  13:15  Roach x5  
  190  13:21  Extractor  
  190  13:23  Overseer  
  187  13:27  Chitinous Plating  
  184  13:43  Zergling x30, Hatchery  
  184  13:44  Roach  
  191  14:15  Baneling x19  
  178  14:24  Zergling x10  
  178  14:25  Zergling x34  
  196  14:33  Zergling x16  
  188  14:40  Hatchery  
  188  14:45  Zergling x18  
  185  14:46  Anabolic Synthesis  
  185  14:49  Baneling  
  185  14:50  Baneling x14  
  175  14:52  Roach  
  175  14:53  Roach x3  
  172  15:02  Zerg Missile Weapons Level 3  
  172  15:04  Spire  
  172  15:06  Hatchery  
  170  15:08  Roach x5  
  170  15:09  Roach x5  
  190  15:15  Baneling x8  
  190  15:16  Baneling x10  
  190  15:19  Drone  
  190  15:20  Drone x6  
  194  15:34  Roach x7  
  183  15:43  Infestor x3  
  180  16:14  Infestor x4  
  180  16:16  Drone x2  
  180  16:17  Zerg Flyer Armor Level 1  
  175  16:37  Corruptor x8  
  175  16:44  Drone x11  
  159  16:56  Mutalisk x6  
  159  16:57  Mutalisk x14  
  197  17:05  Zergling x22  
  184  17:33  Zergling x18  
  184  17:34  Zergling x8  
  184  17:37  Mutalisk x3  
  172  17:40  Mutalisk  
  172  17:41  Queen  
  169  17:49  Mutalisk x5  
Show
View Real Time Build Order
Export as new Build Order

HeroMarine Terran - Winner!

Build Orders: Reaper Expand, Mech 

Get SALT Encoding   

  12  0:00  SCV  
  13  0:12  SCV  
  14  0:17  Supply Depot  
  14  0:24  SCV  
  15  0:38  SCV  
  15  0:39  Barracks  
  16  0:43  Refinery  
  16  0:50  SCV  
  17  1:02  SCV  
  18  1:14  SCV  
  19  1:26  Orbital Command, Reaper  
  20  1:39  Command Center  
  20  1:48  Supply Depot  
  20  1:52  SCV  
  21  1:58  Marine  
  22  2:04  SCV  
  22  2:07  Factory  
  23  2:12  Refinery  
  23  2:16  SCV  
  23  2:20  Barracks Reactor  
  24  2:28  SCV  
  25  2:40  SCV  
  26  2:52  SCV  
  26  2:53  Orbital Command, Starport  
  27  3:04  Hellion x2, SCV  
  32  3:16  SCV  
  34  3:20  SCV  
  34  3:26  Hellion x2  
  38  3:27  Supply Depot  
  38  3:29  Fusion Core  
  38  3:31  Starport Tech Lab  
  38  3:32  SCV x2  
  40  3:44  SCV x2  
  42  3:52  Command Center  
  42  3:56  SCV x2  
  42  3:59  Supply Depot  
  44  4:09  SCV x2  
  50  4:20  Battlecruiser  
  50  4:21  SCV x2, Supply Depot  
  54  4:25  Hellion  
  54  4:27  Hellion  
  58  4:31  Refinery  
  58  4:32  Refinery  
  58  4:35  SCV x2  
  60  4:47  SCV x2  
  60  4:48  Hellion x2  
  66  4:59  SCV x2  
  63  5:04  Orbital Command  
  63  5:05  Factory  
  63  5:07  Factory  
  63  5:10  Hellion x2  
  63  5:11  SCV x2  
  65  5:23  SCV x2  
  65  5:27  Battlecruiser  
  69  5:35  SCV x2  
  71  5:37  Factory Tech Lab  
  71  5:41  Orbital Command  
  72  5:46  Hellion  
  72  5:47  Hellion, SCV x2  
  77  5:52  Factory Tech Lab x2, Supply Depot  
  77  5:53  Supply Depot  
  77  5:59  SCV  
  77  6:00  SCV  
  78  6:08  Hellion x2  
  79  6:11  SCV  
  79  6:12  SCV  
  79  6:14  Siege Tank x2  
  79  6:15  SCV  
  81  6:24  SCV x2  
  74  6:27  SCV  
  74  6:29  Hellion x2  
  73  6:36  SCV x2, Battlecruiser  
  73  6:38  Weapon Refit  
  73  6:39  SCV  
  78  6:48  SCV x2  
  78  6:51  SCV  
  78  6:52  Supply Depot  
  78  6:53  Engineering Bay  
  81  6:56  Supply Depot  
  81  7:00  SCV x2  
  83  7:02  Refinery  
  83  7:03  Refinery, SCV  
  84  7:11  Siege Tank x2  
  84  7:12  SCV x2  
  84  7:15  Hellion, SCV  
  97  7:16  Hellion  
  97  7:22  Supply Depot  
  97  7:24  SCV x2  
  97  7:27  SCV  
  100  7:34  Armory  
  100  7:35  Armory, Missile Turret  
  100  7:36  SCV x2  
  106  7:37  Hellion x2  
  106  7:43  Missile Turret  
  107  7:48  SCV  
  107  7:49  SCV x2  
  109  7:52  Missile Turret  
  109  8:00  SCV  
  109  8:01  SCV  
  111  8:08  Cyclone x2, Mag-Field Accelerator  
  117  8:13  Supply Depot, Battlecruiser  
  117  8:15  Supply Depot  
  117  8:17  SCV  
  117  8:18  SCV  
  125  8:34  SCV x3  
  125  8:35  Widow Mine x2  
  125  8:36  Missile Turret  
  125  8:37  Missile Turret  
  125  8:38  Supply Depot  
  132  8:41  Terran Vehicle And Ship Armor Level 1, Terran Vehicle Weapons Level 1, Missile Turret  
  132  8:47  Supply Depot  
  135  8:50  Siege Tank x2  
  141  9:01  Command Center  
  138  9:03  SCV x2  
  138  9:05  SCV  
  141  9:12  Factory x2  
  143  9:20  Supply Depot  
  143  9:23  Supply Depot  
  144  9:26  Sensor Tower, Cyclone x2  
  147  9:35  Infernal Pre-Igniter  
  147  9:37  Hellion x2  
  152  9:38  SCV x3  
  152  9:43  Missile Turret  
  154  9:48  Missile Turret  
  154  9:50  SCV x2  
  154  9:51  SCV  
  154  9:52  Starport Reactor  
  157  9:57  Factory Reactor  
  157  9:58  Cyclone x2  
  165  10:00  Hellion x2  
  165  10:05  SCV, Supply Depot  
  165  10:06  SCV x2, Supply Depot  
  168  10:11  Cyclone  
  171  10:15  Refinery  
  171  10:16  Factory  
  171  10:17  Missile Turret, Refinery  
  171  10:19  Factory  
  171  10:27  SCV  
  171  10:28  SCV x2  
  174  10:30  Cyclone  
  174  10:31  Cyclone  
  182  10:35  Hellion  
  182  10:36  Hellion x3  
  188  10:48  SCV  
  188  10:49  SCV x2  
  191  10:50  Cyclone  
  194  11:01  SCV  
  194  11:03  Planetary Fortress, Cyclone  
  198  11:06  Terran Vehicle And Ship Armor Level 2, Terran Vehicle Weapons Level 2  
  198  11:07  Factory Tech Lab, Factory Reactor  
  198  11:20  Command Center  
  198  11:25  Cyclone  
  199  11:32  Sensor Tower, Missile Turret  
  195  11:58  Factory  
  195  12:00  Factory  
  189  12:01  Factory  
  189  12:05  Cyclone  
  189  12:06  Cyclone  
  189  12:07  Hellion x2  
  195  12:10  Smart Servos  
  191  12:23  Hellion x5  
  191  12:24  Command Center  
  191  12:28  Command Center  
  196  12:41  Cyclone x2  
  198  12:44  Command Center  
  188  12:53  Cyclone  
  188  12:54  Hellion x2  
  188  12:58  Cyclone  
  177  13:07  Factory Tech Lab x2, Factory Reactor  
  177  13:10  Planetary Fortress  
  177  13:13  Cyclone x2  
  177  13:14  Hi-Sec Auto Tracking  
  183  13:20  Refinery  
  183  13:21  Missile Turret  
  183  13:22  Hellion x3, Missile Turret  
  183  13:23  Hellion, Refinery  
  183  13:24  Hellion x2  
  183  13:25  Cyclone  
  195  13:30  Cyclone  
  195  13:43  Terran Vehicle Weapons Level 3, Terran Vehicle And Ship Armor Level 3  
  195  13:47  Orbital Command  
  195  13:54  Cyclone  
  195  13:55  Command Center  
  198  13:57  Refinery  
  198  14:01  Orbital Command, Command Center  
  198  14:03  Refinery  
  198  14:04  Missile Turret  
  196  14:11  Neosteel Armor  
  196  14:19  Missile Turret  
  196  14:22  Hellion, Cyclone x4  
  196  14:23  Planetary Fortress  
  191  14:24  Cyclone  
  191  14:25  Hellion  
  191  14:26  Hellion  
  191  14:27  Cyclone  
  190  14:37  Hellion x2  
  165  14:47  Hellion x3  
  165  14:49  SCV  
  165  14:50  SCV x3  
  172  14:54  Hellion, Cyclone x4  
  172  14:56  Cyclone  
  185  15:04  Missile Turret  
  185  15:05  Missile Turret, Cyclone  
  188  15:16  Orbital Command, Factory  
  188  15:17  Factory  
  188  15:21  Factory  
  188  15:22  Hellion x2  
  188  15:26  Cyclone x2  
  196  15:33  Cyclone  
  196  15:34  Cyclone  
  169  15:40  SCV x4  
  169  15:42  SCV x2  
  174  15:47  Cyclone  
  174  15:58  Cyclone x2  
  177  16:05  Cyclone  
  177  16:06  Factory Tech Lab x2  
  177  16:08  Siege Tank x2  
  177  16:10  Factory Tech Lab  
  183  16:15  Orbital Command  
  183  16:19  Siege Tank  
  183  16:20  Sensor Tower  
  183  16:21  Sensor Tower  
  186  16:30  Hellion x2, Siege Tank, Cyclone  
  196  16:33  Cyclone  
  196  16:39  Cyclone  
  198  16:40  Hellion  
  198  16:45  Sensor Tower  
  186  17:04  Cyclone x2  
  186  17:08  Cyclone  
  183  17:09  Cyclone  
  183  17:17  Cyclone x3  
  183  17:18  Siege Tank, Cyclone  
  183  17:22  Command Center  
  198  17:35  Thor x2  
  188  17:38  Missile Turret  
  188  17:41  Widow Mine x3  
  174  17:48  Widow Mine x2  
  174  17:50  Widow Mine  

Tags
 
Add a new tag
Caveats
  • Supply blocks, unpowered buildings, or Contaminate may cause inaccurate times.
  • Supply counts are checked every 10 seconds.